[Event "*** Titled Tuesday Blitz"]
[Site "Chess.com"]
[Date "2020.04.28"]
[Round "6"]
[White "UCantHandleDenker"]
[Black "gui_borba"]
[Result "1-0"]
[WhiteElo "2560"]
[BlackElo "2372"]
[TimeControl "180+1"]
[EndTime "11:03:47 PDT"]
[Termination "UCantHandleDenker won by resignation"]

1. Nf3 Nf6 2. g3 g6 3. Bg2 Bg7 4. O-O O-O 5. c4 c5 6. Nc3 Nc6 7. d4 cxd4 8. Nxd4 Qa5 9. Nb3 Qh5 10. c5 Rd8 11. Bf4 d5 12. cxd6 exd6 13. Nd5 Be6 14. Nc7 Rac8 15. Nxe6 fxe6 16. Rc1 Kh8 17. h3 e5 18. Be3 d5 19. Nc5 d4 20. Bd2 e4 21.
Ne6 Re8 22. Rc5 Nd5 23. Nf4 1-0

[Event "*** Titled Tuesday Blitz"]
[Site "Chess.com"]
[Date "2020.04.28"]
[Round "6"]
[White "WhiteCapital80"]
[Black "tgpgoat"]
[Result "1-0"]
[WhiteElo "2408"]
[BlackElo "2193"]
[TimeControl "180+1"]
[EndTime "11:03:48 PDT"]
[Termination "WhiteCapital80 won by resignation"]

1. e4 c5 2. Nf3 Nc6 3. d4 cxd4 4. Nxd4 e5 5. Nb5 d6 6. Bc4 a6 7. N5c3 b5 8. Bxf7+ Kxf7 9. Qd5+ Be6 10. Qxc6 Nf6 11. Bg5 Be7 12. Bxf6 Bxf6 13. Nd5 Qa5+ 14. b4 Qa4 15.
Nbc3 Qa3 16. O-O Rac8 17. Qb7+ Kg6 18. Nxf6 gxf6 19. Nd5 Bxd5 20. Qxd5 Qxb4 21. Rad1 Rhd8 22. Rd3 Kg7 23. Rg3+ Kh8 24. Qf7 1-0

[Event "*** Titled Tuesday Blitz"]
[Site "Chess.com"]
[Date "2020.04.28"]
[Round "6"]
[White "Sashadav97"]
[Black "imdarealist"]
[Result "1-0"]
[WhiteElo "2747"]
[BlackElo "2307"]
[TimeControl "180+1"]
[EndTime "11:03:51 PDT"]
[Termination "Sashadav97 won by resignation"]

1. d4 Nf6 2. c4 e6 3. Nc3 Bb4 4. f3 d5 5. a3 Bxc3+ 6. bxc3 O-O 7. cxd5 exd5 8. e3 c6 9. Bd3 Re8 10. Ne2 Nbd7 11. O-O b5 12. Ng3 Nb6 13. e4 Nc4 14. e5 Nd7 15. f4 Nf8 16. f5 f6 17. exf6 gxf6 18. Qg4+ Kh8 19. Bh6 Qc7 20. Nh5 Ng6 21.
Bg7+ Kg8 22. Nxf6+ Kf7 23. fxg6+ 1-0

[Event "*** Titled Tuesday Blitz"]
[Site "Chess.com"]
[Date "2020.04.28"]
[Round "6"]
[White "Biranidun"]
[Black "blitzking1729"]
[Result "1-0"]
[WhiteElo "2719"]
[BlackElo "2565"]
[TimeControl "180+1"]
[EndTime "11:03:53 PDT"]
[Termination "Biranidun won by resignation"]

1. e4 d6 2. d4 Nf6 3. Nc3 e5 4. Nf3 Nbd7 5. Bc4 Be7 6. O-O O-O 7. Re1 c6 8. a4 Qc7 9. h3 b6 10. Ba2 Bb7 11. Nh4 Rfe8 12. Nf5 Bf8 13. Bg5 h6 14.
Bh4 g6 15. dxe5 dxe5 16. Ne3 Rad8 17. Qf3 Bg7 18. Ng4 Qd6 19. Rad1 Qe7 20. Rxd7 Qxd7 21. Nxf6+ Bxf6 22. Bxf6 Rc8 23. Rd1 Qc7 24. Qg4 1-0

[Event "*** Titled Tuesday Blitz"]
[Site "Chess.com"]
[Date "2020.04.28"]
[Round "6"]
[White "SaqoChess_Twitch"]
[Black "frankshar"]
[Result "1-0"]
[WhiteElo "2479"]
[BlackElo "2283"]
[TimeControl "180+1"]
[EndTime "11:03:55 PDT"]
[Termination "SaqoChess_Twitch won by resignation"]

1. d4 Nf6 2. c4 e6 3. Nc3 Bb4 4. a3 Bxc3+ 5. bxc3 O-O 6. e3 b6 7. Bd3 Bb7 8. f3 c5 9. Ne2 Nc6 10. O-O Re8 11. e4 d6 12. f4 e5 13. d5 Nb8 14. fxe5 Rxe5 15. Bf4 Re8 16. Bg5 Nbd7 17. Ng3 h6 18. e5 dxe5 19. Bh4 e4 20. Nxe4 Rxe4 21.
Bxe4 g5 22. Bf5 gxh4 23. Bxd7 Nxd7 24. Qg4+ Kf8 25. Qh5 f6 26. Qxh6+ Kf7 27. Qh7+ Kf8 28. Rae1 b5 29. d6 1-0

[Event "*** Titled Tuesday Blitz"]
[Site "Chess.com"]
[Date "2020.04.28"]
[Round "6"]
[White "Vespasian23"]
[Black "LiamPutnam2008"]
[Result "0-1"]
[WhiteElo "2266"]
[BlackElo "2541"]
[TimeControl "180+1"]
[EndTime "11:03:56 PDT"]
[Termination "LiamPutnam2008 won by resignation"]

1. e4 c5 2. Nf3 d6 3. Bb5+ Nd7 4. d4 cxd4 5. Qxd4 a6 6. Bxd7+ Bxd7 7. c4 Nf6 8. O-O Rc8 9. b3 g6 10. Bb2 Bg7 11.
Rd1 O-O 12. Qd2 Nxe4 13. Qc2 Bxb2 14. Qxb2 b5 15. Qd4 Nf6 16. Na3 Qa5 17. Qb2 Bg4 18. Rd3 bxc4 19. Nxc4 Qh5 20. h3 Bxf3 21. Rxf3 d5 22.
Ne3 Rfd8 23. Qd4 Ne4 24. Nxd5 Qxd5 0-1

[Event "*** Titled Tuesday Blitz"]
[Site "Chess.com"]
[Date "2020.04.28"]
[Round "6"]
[White "Ind1anStar"]
[Black "LittlePeasant"]
[Result "0-1"]
[WhiteElo "2587"]
[BlackElo "2760"]
[TimeControl "180+1"]
[EndTime "11:03:58 PDT"]
[Termination "LittlePeasant won by resignation"]

1. c4 c6 2. Nf3 d5 3. e3 Nf6 4. Nc3 a6 5. b3 Bg4 6. d4 e6 7. Be2 Bb4 8. Bd2 Nbd7 9. O-O Bd6 10. h3 Bh5 11. Qc2 O-O 12. e4 Bg6 13. Bd3 dxc4 14.
bxc4 e5 15. Ne2 exd4 16. Nexd4 Nc5 17. Rfe1 Nxd3 18. Qxd3 c5 19. Nh4 Be5 0-1

[Event "*** Titled Tuesday Blitz"]
[Site "Chess.com"]
[Date "2020.04.28"]
[Round "6"]
[White "AttilaTurzo"]
[Black "saikrishnaReturns"]
[Result "1-0"]
[WhiteElo "2497"]
[BlackElo "2629"]
[TimeControl "180+1"]
[EndTime "11:03:59 PDT"]
[Termination "AttilaTurzo won by checkmate"]

1. e4 e5 2. Nf3 Nc6 3. d4 exd4 4.
Nxd4 Nf6 5. Nxc6 bxc6 6. e5 Qe7 7. Qe2 Nd5 8. c4 Ba6 9. Nd2 g6 10. Qe4 Nb6 11. b3 Bg7 12. Bb2 O-O 13. O-O-O Bb7 14.
Bd3 a5 15. a4 Rfb8 16. h4 Qb4 17. h5 c5 18. Qg4 Nxa4 19. hxg6 Nxb2 20. gxf7+ Kf8 21.
Kxb2 a4 22. Rxh7 Bxe5+ 23. Kb1 Be4 24. Qg8+ Ke7 25. f8=Q# 1-0

[Event "*** Titled Tuesday Blitz"]
[Site "Chess.com"]
[Date "2020.04.28"]
[Round "6"]
[White "ahachess"]
[Black "Quiet_Desperation"]
[Result "1/2-1/2"]
[WhiteElo "2367"]
[BlackElo "1835"]
[TimeControl "180+1"]
[EndTime "11:04:00 PDT"]
[Termination "Game drawn by repetition"]

1. d4 Nf6 2. c4 e6 3. Nf3 Bb4+ 4. Bd2 Qe7 5. g3 Nc6 6. Nc3 Bxc3 7. Bxc3 Ne4 8. Rc1 Nxc3 9. Rxc3 O-O 10. Bg2 d6 11. O-O e5 12. d5 Nb8 13. Qc1 c6 14. e4 Na6 15. dxc6 bxc6 16. Rd1 Nc5 17. Nh4 a5 18. Qe3 g6 19. Rc2 Be6 20. b3 Rfd8 21. Rcd2 Rd7 22. Qc3 f6 23. Qe3 Rad8 24. Qc3 Ra8 25.
Qe3 Rad8 26. Qc3 Ra8 1/2-1/2

[Event "*** Titled Tuesday Blitz"]
[Site "Chess.com"]
[Date "2020.04.28"]
[Round "6"]
[White "ENEASZ"]
[Black "TheNomNomFactor"]
[Result "1-0"]
[WhiteElo "2560"]
[BlackElo "2388"]
[TimeControl "180+1"]
[EndTime "11:04:03 PDT"]
[Termination "ENEASZ won by resignation"]

1. e4 e5 2. Nf3 Nc6 3. Bc4 Bc5 4.
O-O Nf6 5. d3 d6 6. c3 a6 7. Bb3 Ba7 8. Nbd2 O-O 9. h3 h6 10.
Re1 Re8 11. Nf1 Be6 12. Ng3 d5 13. exd5 Bxd5 14. Bc2 Qd7 15. Nh4 Rad8 16. Nhf5 Be6 17. Qf3 Bd5 18. Nxh6+ Kf8 19. Qf5 Qxf5 20. Nhxf5 b5 21. Bg5 Re6 22. a3 Rde8 23. Rad1 Ne7 24. Nxe7 R8xe7 25. Ne4 Re8 26. Nxf6 gxf6 27. Bh6+ Kg8 28.
Be3 c5 29. f3 f5 30. Bf2 f4 31. a4 R8e7 32. axb5 axb5 33. Ra1 Bb6 34. Ra6 Bb7 35.
Rxb6 1-0

[Event "*** Titled Tuesday Blitz"]
[Site "Chess.com"]
[Date "2020.04.28"]
[Round "6"]
[White "Yaacovn"]
[Black "StegariuVlad"]
[Result "1-0"]
[WhiteElo "2753"]
[BlackElo "2524"]
[TimeControl "180+1"]
[EndTime "11:04:04 PDT"]
[Termination "Yaacovn won by resignation"]

1. d4 Nf6 2. Nf3 e6 3. e3 b6 4. Bd3 Bb7 5. Nbd2 Be7 6. O-O d5 7. Ne5 O-O 8. f4 Nbd7 9. Qf3 Ne8 10. Qh3 f5 11. g4 Nxe5 12. fxe5 g6 13. gxf5 exf5 14.
Nf3 Ng7 15. Bd2 a5 16. Kh1 Ba6 17. Bxa6 Rxa6 18. Rg1 b5 19. Be1 a4 20. a3 f4 21.
exf4 Rxf4 22. Bd2 Rf5 23. Raf1 Ra8 24. Bh6 Qd7 25. Bxg7 Kxg7 26. Nh4 Bxh4 27. Qxf5 Qe7 28. Rg4 Kh8 29. Qf7 Re8 30. Rxh4 1-0

[Event "*** Titled Tuesday Blitz"]
[Site "Chess.com"]
[Date "2020.04.28"]
[Round "6"]
[White "Jbd735"]
[Black "semchik73"]
[Result "1-0"]
[WhiteElo "2410"]
[BlackElo "2220"]
[TimeControl "180+1"]
[EndTime "11:04:06 PDT"]
[Termination "Jbd735 won by resignation"]

1. e4 Nf6 2. e5 Nd5 3. d4 d6 4. Nf3 Bg4 5. exd6 cxd6 6. h3 Bh5 7.
c4 Nb6 8. b3 e6 9. Bb2 Be7 10.
Be2 O-O 11. O-O Bf6 12. Nbd2 Nc6 13. Ne4 Be7 14. d5 exd5 15. cxd5 Nb4 16. Qd4 f6 17. Qxb4 Nxd5 18. Bc4 Bf7 19. Qd2 Nc7 20. Bxf7+ Rxf7 21. Rfd1 d5 22. Nc3 Bb4 23. a3 Ba5 24. b4 Bb6 25.
Na4 Rd7 26. Nxb6 axb6 27. Nd4 Qe8 28. Re1 Qg6 29. Rac1 Ne8 30. Qc2 Qf7 31. Qe2 Nd6 32. Qe6 Nc4 33. Qxf7+ Kxf7 34. Rc2 Nxb2 35. Rxb2 Rxa3 36.
f3 Rd3 37. Ne2 Re3 38. Kf2 d4 39. Rd1 Re5 40. Nxd4 Red5 41. Rbd2 b5 42. Nb3 Ke6 43. Nc5+ 1-0

[Event "*** Titled Tuesday Blitz"]
[Site "Chess.com"]
[Date "2020.04.28"]
[Round "6"]
[White "Kimster98"]
[Black "TERMINATOR_PC"]
[Result "0-1"]
[WhiteElo "2558"]
[BlackElo "2414"]
[TimeControl "180+1"]
[EndTime "11:04:10 PDT"]
[Termination "TERMINATOR_PC won by resignation"]

1. d4 Nf6 2. Bf4 d5 3. e3 c5 4.
c3 Nc6 5. Nd2 cxd4 6. exd4 Bf5 7. Ngf3 e6 8. Qb3 Qc8 9. Nh4 Bg4 10. h3 Bh5 11. g4 Bg6 12. Nxg6 hxg6 13. Be2 Be7 14. a4 a6 15. f3 Qd7 16. Kf1 Rc8 17. Kg2 Na5 18. Qd1 Bd6 19. Be3 Qc7 20. Rc1 Bf4 21.
Qg1 Nd7 22. b4 Nc6 23. Nf1 g5 24. Bxf4 Qxf4 25. Ne3 Nf8 26. Kf2 Ng6 27. Qh2 Qxh2+ 28. Rxh2 Nxd4 29. Rhh1 Nxe2 30. Kxe2 Nf4+ 31. Kf2 Nd3+ 0-1

[Event "*** Titled Tuesday Blitz"]
[Site "Chess.com"]
[Date "2020.04.28"]
[Round "6"]
[White "godsgonnacutudown"]
[Black "BeanScreen"]
[Result "0-1"]
[WhiteElo "2353"]
[BlackElo "2567"]
[TimeControl "180+1"]
[EndTime "11:04:12 PDT"]
[Termination "BeanScreen won by resignation"]

1. d4 d5 2. c4 dxc4 3. Nf3 a6 4. e3 Nf6 5. Bxc4 e6 6. O-O c5 7. Qe2 Nc6 8. dxc5 Bxc5 9. Rd1 Qc7 10. Nc3 O-O 11.
Na4 Bd6 12. Nb6 Bxh2+ 13. Nxh2 Qxb6 14. e4 e5 15. Be3 Qc7 16. Bc5 Re8 17. Bd6 Qb6 18. Ba3 Nd4 19. Qe3 Be6 20. Bd3 Rad8 21. Rdc1 Rc8 22. b3 Nd7 23. Nf3 Nxf3+ 24. Qxf3 f6 25.
Qe2 Nf8 26. Qh5 Ng6 27. Rxc8 Rxc8 28. Rc1 Rxc1+ 29. Bxc1 Qd4 30. Qe2 Nf4 31. Bxf4 exf4 32. Bc4 Bxc4 33. Qxc4+ Qxc4 34. bxc4 Kf7 35. Kh2 g5 36.
Kh3 h5 37. a3 Ke6 38. g4 h4 39. f3 Ke5 40. c5 Kd4 41. Kg2 Kxc5 42. Kh3 Kd4 0-1

[Event "*** Titled Tuesday Blitz"]
[Site "Chess.com"]
[Date "2020.04.28"]
[Round "6"]
[White "SmirnovAlexandrA"]
[Black "Zq1"]
[Result "0-1"]
[WhiteElo "2352"]
[BlackElo "2577"]
[TimeControl "180+1"]
[EndTime "11:04:16 PDT"]
[Termination "Zq1 won by resignation"]

1. e4 c5 2. Nf3 d6 3. d4 cxd4 4. Nxd4 Nf6 5. Nc3 Nc6 6. Bg5 e6 7. Qd2 Be7 8. O-O-O O-O 9. f3 Nxd4 10. Qxd4 a6 11.
Kb1 b5 12. h4 Bb7 13. Qd2 Rc8 14. Bxf6 Bxf6 15. Qxd6 Qa5 16. e5 Rfd8 17. Qa3 Qxa3 18.
bxa3 Rxc3 19. Re1 Be7 20. Kb2 Rdc8 21. Bd3 Bxa3+ 22. Kb1 Bd5 23. h5 h6 24. Rh4 Be7 25.
Rg4 Kf8 26. Kb2 b4 27. Re2 Ra3 28. Be4 Rxa2+ 29. Kb1 b3 30. Bxd5 bxc2+ 0-1

[Event "*** Titled Tuesday Blitz"]
[Site "Chess.com"]
[Date "2020.04.28"]
[Round "6"]
[White "Ana_Berke"]
[Black "SHIVACalypso"]
[Result "0-1"]
[WhiteElo "2105"]
[BlackElo "2280"]
[TimeControl "180+1"]
[EndTime "11:04:16 PDT"]
[Termination "SHIVACalypso won by checkmate"]

1. e4 e6 2. d4 d5 3. Nd2 Nf6 4. e5 Nfd7 5. c3 c5 6. Bd3 Nc6 7. Ne2 cxd4 8. cxd4 f6 9. exf6 Nxf6 10. O-O Bd6 11. Nf3 O-O 12. Bf4 Bxf4 13. Nxf4 Ne4 14.
Ne2 Rxf3 15. gxf3 Ng5 16. Ng3 Qf6 17. Be2 Nxd4 18. f4 Nh3+ 19. Kh1 Qxf4 20. f3 e5 21. Rc1 Qe3 22. Kg2 Nf4+ 23. Kh1 Bh3 24. Re1 Bg2# 0-1

[Event "*** Titled Tuesday Blitz"]
[Site "Chess.com"]
[Date "2020.04.28"]
[Round "6"]
[White "kingofkolkata"]
[Black "MoreChessJulia"]
[Result "1-0"]
[WhiteElo "2238"]
[BlackElo "1770"]
[TimeControl "180+1"]
[EndTime "11:04:19 PDT"]
[Termination "kingofkolkata won by resignation"]

1. Nf3 Nf6 2. d4 e6 3. g3 b6 4.
Bg2 Bb7 5. O-O Be7 6. b3 O-O 7. Bb2 d6 8. Nbd2 Nbd7 9. c4 Ne4 10. Qc2 f5 11. Rfe1 Ndf6 12. Rad1 Qe8 13. Nxe4 Bxe4 14. Qc1 Qh5 15. Nd2 Bxg2 16. Kxg2 Rae8 17. h3 Bd8 18.
Nf3 g5 19. Qxg5+ Qxg5 20. Nxg5 h6 21. Nf3 Ne4 22. Nd2 Nxd2 23. Rxd2 e5 24. dxe5 dxe5 25. e4 f4 26. g4 f3+ 27. Kg3 Be7 28. Rd3 Bb4 29. Red1 Bc5 30. Rd5 Bd6 31. R1d3 Re7 32. Rxf3 Rxf3+ 33. Kxf3 Rf7+ 34. Kg3 Bc5 35. f3 Be3 36. Bxe5 c6 37. Rd8+ Kh7 38. h4 1-0

[Event "*** Titled Tuesday Blitz"]
[Site "Chess.com"]
[Date "2020.04.28"]
[Round "6"]
[White "KingChess345"]
[Black "reniite"]
[Result "1-0"]
[WhiteElo "2133"]
[BlackElo "1935"]
[TimeControl "180+1"]
[EndTime "11:04:22 PDT"]
[Termination "KingChess345 won on time"]

1. d4 Nf6 2. Nf3 d5 3. g3 c6 4. Bg2 Bf5 5. O-O e6 6. c4 h6 7. Qb3 Qb6 8. c5 Qxb3 9. axb3 Nbd7 10. Nc3 g5 11. b4 Bg7 12. b5 Ke7 13. Nd2 e5 14. Nb3 Bc2 15. Na5 1-0

[Event "*** Titled Tuesday Blitz"]
[Site "Chess.com"]
[Date "2020.04.28"]
[Round "6"]
[White "Firegrizzly"]
[Black "Maghalashvili"]
[Result "1-0"]
[WhiteElo "2661"]
[BlackElo "2786"]
[TimeControl "180+1"]
[EndTime "11:04:24 PDT"]
[Termination "Firegrizzly won by resignation"]

1. e4 c5 2. Nf3 d6 3. Bb5+ Bd7 4. c4 g6 5. Nc3 Bg7 6. d4 cxd4 7. Nxd4 Nc6 8. Be3 a6 9. Bxc6 bxc6 10.
O-O c5 11. Nde2 Nf6 12. f3 O-O 13. Qd2 Rb8 14. b3 Bc6 15. Rfd1 Nd7 16. Rab1 Ne5 17. Bg5 Bd7 18. Nd5 Nc6 19. Kh1 Re8 20. Qe1 h6 21. Be3 e5 22. Qd2 Kh7 23. Rf1 Nd4 24. Nec3 f5 25. f4 exf4 26. Bxf4 fxe4 27. Bxd6 e3 28.
Qe1 Bf5 29. Bxb8 Qxb8 30. Rb2 e2 31. Rf2 Nc2 32. Rxc2 Bxc2 33. Rxe2 Rxe2 34. Qxe2 Qf4 35. Nxf4 1-0

[Event "*** Titled Tuesday Blitz"]
[Site "Chess.com"]
[Date "2020.04.28"]
[Round "6"]
[White "AlexOstrovskiy"]
[Black "Omk124"]
[Result "1-0"]
[WhiteElo "2554"]
[BlackElo "2351"]
[TimeControl "180+1"]
[EndTime "11:04:24 PDT"]
[Termination "AlexOstrovskiy won by resignation"]

1. d4 Nf6 2. Bg5 d5 3. Bxf6 exf6 4. e3 Bd6 5. g3 O-O 6. Bg2 c6 7.
Ne2 Be6 8. O-O Nd7 9. Qd3 Qe7 10. b3 Rfe8 11. c4 dxc4 12. bxc4 Rab8 13. Nbc3 g6 14. c5 Bc7 15. Qd2 Red8 16. Qc2 f5 17. Rab1 Nf6 18. Rb2 Nd5 19. Nxd5 Bxd5 20. Bxd5 Rxd5 21. Rfb1 Bd8 22. Nf4 Rd7 23. Nd3 Qe6 24. Qa4 a6 25.
Qb3 Bf6 26. Qxe6 fxe6 27. Rb6 Rdd8 28. Rxb7 Rxb7 29. Rxb7 h5 30. f4 h4 31. Nb4 h3 32.
Nxc6 Rc8 33. Na7 Rd8 34. c6 Bxd4 35. exd4 Rxd4 36. c7 Rd1+ 37. Kf2 Rd2+ 38. Ke3 Rc2 39. c8=Q+ Rxc8 40. Nxc8 a5 1-0

[Event "*** Titled Tuesday Blitz"]
[Site "Chess.com"]
[Date "2020.04.28"]
[Round "6"]
[White "GMMarcinDziuba"]
[Black "csati17"]
[Result "1-0"]
[WhiteElo "2611"]
[BlackElo "2460"]
[TimeControl "180+1"]
[EndTime "11:04:26 PDT"]
[Termination "GMMarcinDziuba won by resignation"]

1. e4 e6 2. d3 d5 3. Nd2 Nf6 4.
Ngf3 Bc5 5. e5 Nfd7 6. d4 Bb6 7. Bd3 c5 8. c3 Nc6 9. dxc5 Bxc5 10. Nb3 Be7 11. Bf4 g5 12. Bg3 g4 13. Nfd4 Ncxe5 14. O-O Nxd3 15. Qxd3 Nf6 16. Be5 Rg8 17. Nb5 Bd7 18.
Nc7+ Kf8 19. Nxa8 Qxa8 20. c4 Bc6 21. Na5 dxc4 22. Qd4 Nd5 23. Qxc4 Rg5 24. Nxc6 bxc6 25. Bg3 c5 26. Bh4 Rh5 27. Bxe7+ Nxe7 28. Qxg4 Qd5 29. Rad1 1-0

[Event "*** Titled Tuesday Blitz"]
[Site "Chess.com"]
[Date "2020.04.28"]
[Round "6"]
[White "AndrewMaco"]
[Black "jonaszmb"]
[Result "0-1"]
[WhiteElo "2624"]
[BlackElo "2448"]
[TimeControl "180+1"]
[EndTime "11:04:29 PDT"]
[Termination "jonaszmb won on time"]

1. e4 c5 2. Nf3 Nc6 3. d4 cxd4 4. Nxd4 e5 5. Nb5 a6 6. Nd6+ Bxd6 7. Qxd6 Qf6 8. Qd1 Qg6 9. Nc3 d5 10. Nxd5 Qxe4+ 11. Be3 Nd4 12. Nc7+ Ke7 13. Bd3 Qxg2 14. Kd2 Bg4 15. Qf1 Nf3+ 16. Kc1 Qxf1+ 17. Rxf1 Rd8 18. Bc5+ Kd7 19. Bb6 Kc6 0-1

[Event "*** Titled Tuesday Blitz"]
[Site "Chess.com"]
[Date "2020.04.28"]
[Round "6"]
[White "IsaacWiebe"]
[Black "DishonorOnYourCow"]
[Result "0-1"]
[WhiteElo "2175"]
[BlackElo "2313"]
[TimeControl "180+1"]
[EndTime "11:04:37 PDT"]
[Termination "DishonorOnYourCow won by checkmate"]

1. d4 Nf6 2. c4 g6 3. f3 d5 4. cxd5 Nxd5 5. e4 Nb6 6. Nc3 Bg7 7. Be3 O-O 8. Qd2 Nc6 9. O-O-O Qd6 10. Nb5 Qd7 11. Kb1 a6 12. Nc3 Rd8 13. d5 Qe8 14. Qc1 Na7 15. h4 e6 16. h5 exd5 17. exd5 Bf5+ 18.
Ka1 Nb5 19. Nxb5 axb5 20. Bxb6 cxb6 21. g4 Rdc8 22. Qf4 Bc2 23. Rc1 Rxa2+ 24. Kxa2 Ra8+ 25. Qa4 Rxa4# 0-1

[Event "*** Titled Tuesday Blitz"]
[Site "Chess.com"]
[Date "2020.04.28"]
[Round "6"]
[White "Guenplen"]
[Black "RovenVogel"]
[Result "1-0"]
[WhiteElo "2948"]
[BlackElo "2717"]
[TimeControl "180+1"]
[EndTime "11:04:38 PDT"]
[Termination "Guenplen won by resignation"]

1. Nf3 Nf6 2. c4 e6 3. Nc3 d5 4. e3 Be7 5. b3 O-O 6. Bb2 c5 7. cxd5 Nxd5 8. h4 Nc6 9. Qb1 h6 10. g4 e5 11. Rg1 Nxc3 12. Bxc3 Bxh4 13. Bc4 Qf6 14. Nxh4 Qxh4 15. Qe4 Be6 16. O-O-O Qxf2 17. g5 h5 18. Rdf1 Qh2 19. Rh1 Qg3 20. Rxh5 g6 21. Bxe6 gxh5 22. Qg6+ Kh8 23. Qxh5+ Kg8 24. Qg6+ 1-0

[Event "*** Titled Tuesday Blitz"]
[Site "Chess.com"]
[Date "2020.04.28"]
[Round "6"]
[White "martinique24"]
[Black "Hangar-18"]
[Result "1-0"]
[WhiteElo "2444"]
[BlackElo "2259"]
[TimeControl "180+1"]
[EndTime "11:04:43 PDT"]
[Termination "martinique24 won by resignation"]

1. e4 d6 2. d4 Nd7 3. Nc3 e5 4. Nf3 Be7 5. g4 Ngf6 6. g5 Nh5 7. Be3 O-O 8. Qd2 exd4 9. Nxd4 Ne5 10. Be2 c5 11. Nf5 g6 12. Nxe7+ Qxe7 13. Bxh5 gxh5 14. O-O-O Bg4 15. Nd5 Qd8 16. Nf6+ Kh8 17. Qxd6 Qxd6 18. Rxd6 Nc4 19. Bxc5 Nxd6 20. Bxd6 Rfd8 21. Be5 Kg7 22. Nxg4+ Kg6 23. Ne3 Re8 24. f4 h6 25. h4 hxg5 26. hxg5 Rac8 27. Bf6 Rh8 28. f5+ 1-0

[Event "*** Titled Tuesday Blitz"]
[Site "Chess.com"]
[Date "2020.04.28"]
[Round "6"]
[White "WinningButNotReally"]
[Black "freshfoodcompany"]
[Result "1-0"]
[WhiteElo "2416"]
[BlackElo "2206"]
[TimeControl "180+1"]
[EndTime "11:04:49 PDT"]
[Termination "WinningButNotReally won by resignation"]

1. Nf3 d5 2. c4 Nf6 3. g3 e6 4. Bg2 dxc4 5. O-O Bd7 6. Ne5 Bc6 7. Nxc6 Nxc6 8. Qa4 Qd7 9. Qxc4 Be7 10. Nc3 O-O 11.
Rd1 Rfd8 12. d4 Bb4 13. Bxc6 Qxc6 14. Qxb4 Nd5 15. Nxd5 Rxd5 16. Qc3 Qb6 17. e4 Rd6 18. Be3 Rc6 19. Qb3 Qxb3 20. axb3 Rc2 21. Rd2 Rxd2 22.
Bxd2 a6 23. Rc1 c6 24. Ba5 Kf8 25. Bb6 f6 26. f4 Kf7 27. Kf2 Re8 28. Kf3 e5 29.
fxe5 fxe5 30. d5 Rc8 31. Rd1 Ke7 32. Bc5+ Kd7 33. Ke3 cxd5 34. Rxd5+ Ke6 35. Rd6+ Kf7 36. Rd7+ Ke6 37. Rd6+ Kf7 38. b4 a5 39. Rd7+ Ke6 40.
Rxg7 axb4 41. Bxb4 Rc2 42. Bc3 Rxh2 43. Rxb7 Rg2 44.
Rb6+ Kd7 45. Bxe5 1-0

[Event "*** Titled Tuesday Blitz"]
[Site "Chess.com"]
[Date "2020.04.28"]
[Round "6"]
[White "tamarozi99"]
[Black "mjray79"]
[Result "0-1"]
[WhiteElo "1960"]
[BlackElo "2255"]
[TimeControl "180+1"]
[EndTime "11:04:49 PDT"]
[Termination "mjray79 won by resignation"]

1. e4 e5 2. Nf3 Nc6 3. Bb5 a6 4. Ba4 Nf6 5. d3 Be7 6. c3 b5 7. Bb3 d6 8. a4 Rb8 9. O-O O-O 10. h3 Be6 11. Bc2 Re8 12. Re1 Bf8 13. d4 Bd7 14.
Nbd2 g6 15. Nf1 Bg7 16. d5 Ne7 17. Ng3 c6 18. dxc6 Bxc6 19. Be3 bxa4 20. Bxa4 Rxb2 21. Bxc6 Nxc6 22. Rxa6 Qc8 23. Qxd6 Qxa6 24. Bg5 Rd8 25. Qc5 Qb5 26. Qe3 Qb6 27. Qc1 Qxf2+ 0-1

[Event "*** Titled Tuesday Blitz"]
[Site "Chess.com"]
[Date "2020.04.28"]
[Round "6"]
[White "MikaelyanArman"]
[Black "Moon_stone123"]
[Result "1-0"]
[WhiteElo "2748"]
[BlackElo "2509"]
[TimeControl "180+1"]
[EndTime "11:04:51 PDT"]
[Termination "MikaelyanArman won by checkmate"]

1. e4 c5 2. Nc3 Nc6 3. Bb5 g6 4. f4 Bg7 5. Nf3 Nd4 6. O-O Nxb5 7. Nxb5 d5 8. exd5 a6 9. Nc3 Nf6 10. d4 Nxd5 11. dxc5 Nxc3 12. Qxd8+ Kxd8 13. bxc3 Bxc3 14. Rb1 Kc7 15. Rb3 Bf6 16. Bd2 Be6 17. Ba5+ Kc8 18. Rb6 Bd5 19. Ne5 Rf8 20. c4 Be4 21. Re1 Bf5 22. g4 Be6 23. c6 bxc6 24. Rxc6+ Kb7 25. Rb1+ Ka7 26. Rc7# 1-0

[Event "*** Titled Tuesday Blitz"]
[Site "Chess.com"]
[Date "2020.04.28"]
[Round "6"]
[White "AryanTari"]
[Black "praveenb2002"]
[Result "0-1"]
[WhiteElo "2888"]
[BlackElo "2730"]
[TimeControl "180+1"]
[EndTime "11:04:57 PDT"]
[Termination "praveenb2002 won by resignation"]

1. c4 e5 2. Nc3 Bb4 3. Nd5 Bc5 4. Nf3 c6 5. Nc3 Qe7 6. d4 exd4 7. Nxd4 d6 8. g3 Nf6 9. Bg2 O-O 10. O-O Rd8 11. b3 d5 12. cxd5 cxd5 13. Bb2 Nc6 14. Nxc6 bxc6 15. Qc2 Bb6 16. Na4 Bb7 17. Rac1 Rac8 18.
Nc5 Bxc5 19. Qxc5 Qxe2 20. Bxf6 gxf6 21. Qxa7 Qa6 22. Qd4 c5 23. Rxc5 Rxc5 24. Qxc5 Qxa2 25. Qe7 Qa8 26. Qxf6 Re8 27. Rc1 d4 28. Rc7 Re1+ 29. Bf1 Rxf1+ 30. Kxf1 Qa1+ 31. Ke2 d3+ 32. Kxd3 Qxf6 33.
Rxb7 Qf3+ 0-1

[Event "*** Titled Tuesday Blitz"]
[Site "Chess.com"]
[Date "2020.04.28"]
[Round "6"]
[White "GeorgMeier"]
[Black "olomi007"]
[Result "1-0"]
[WhiteElo "3004"]
[BlackElo "2657"]
[TimeControl "180+1"]
[EndTime "11:04:57 PDT"]
[Termination "GeorgMeier won by resignation"]

1. Nf3 c5 2. g3 Nc6 3. Bg2 g6 4.
c3 Bg7 5. d4 cxd4 6. cxd4 d5 7.
Nc3 Nf6 8. O-O Bf5 9. Ne5 Ne4 10. Nxc6 bxc6 11. Na4 O-O 12. Be3 h6 13. Rc1 Rc8 14. b3 g5 15. f3 Nd6 16. Qd2 Bg6 17. Kh1 f5 18. Nc5 Bf7 19. Rc2 Re8 20. Rfc1 Qc7 21. Na6 Qb6 22. Nb4 Qb7 23. Nxc6 Bg6 24. Rc5 f4 25.
gxf4 Nf5 26. Bf2 gxf4 27. Qxf4 Bf6 28. Ne5 Bg5 29. Qg4 Bh7 30. f4 Rxc5 31. Rxc5 1-0

[Event "*** Titled Tuesday Blitz"]
[Site "Chess.com"]
[Date "2020.04.28"]
[Round "6"]
[White "viditchess"]
[Black "UmutErdemGunduz"]
[Result "1-0"]
[WhiteElo "2890"]
[BlackElo "2419"]
[TimeControl "180+1"]
[EndTime "11:05:02 PDT"]
[Termination "viditchess won by resignation"]

1. d4 Nf6 2. c4 e6 3. g3 c5 4.
Nf3 cxd4 5. Nxd4 Nc6 6. Bg2 Be7 7. O-O O-O 8. Nc3 a6 9. Bf4 Qa5 10. Nb3 Qh5 11. Bd6 Bxd6 12. Qxd6 b6 13. Bf3 Qg5 14.
h4 Qg6 15. Na4 b5 16. Nb6 Rb8 17. c5 Ne4 18. Qf4 Nxc5 19. Nxc5 Rxb6 20. Qc7 1-0

[Event "*** Titled Tuesday Blitz"]
[Site "Chess.com"]
[Date "2020.04.28"]
[Round "6"]
[White "m-garcett"]
[Black "pawel83"]
[Result "0-1"]
[WhiteElo "2064"]
[BlackElo "2335"]
[TimeControl "180+1"]
[EndTime "11:05:02 PDT"]
[Termination "pawel83 won by resignation"]

1. e4 e5 2. Nf3 Nc6 3. Bb5 a6 4. Ba4 Nf6 5. O-O b5 6. Bb3 Be7 7. Re1 O-O 8. c3 d6 9. h3 Bb7 10. d4 Nd7 11. Nbd2 exd4 12. cxd4 Bf6 13. e5 dxe5 14.
dxe5 Ncxe5 15. Ne4 Bxe4 16. Rxe4 Nxf3+ 17. Qxf3 Nc5 18. Rg4 Nxb3 19. axb3 g6 20. Bh6 Bg7 21. Bg5 Qd6 22. Rd1 Qe6 23. Re4 Qc6 24. Qe2 Bxb2 25. Re7 Bf6 26. Bxf6 Qxf6 27. Rxc7 Rfe8 28. Qf3 Qxf3 29.
gxf3 a5 30. Rdd7 Rf8 31. Rb7 a4 32. bxa4 bxa4 33. Ra7 a3 34. Rxf7 Rxa7 35. Rxa7 Rxf3 36. Kg2 Rb3 37. f4 h5 38. Kh2 h4 39. Kg2 Rg3+ 40.
Kh2 Kf8 41. Ra6 Ke7 42. Rxg6 Rxg6 0-1